 Dungeon Crawl Stone Soup version 0.20-a0-434-g93bceec (webtiles) character file.

228 Jmtri7 the Skirmisher (level 5, -8/44 HPs)
             Began as a Demonspawn Gladiator on Jan 4, 2017.
             Killed by divine providence
             ... invoked by an orc priest
              (12 damage)
             ... on level 4 of the Dungeon.
             The game lasted 00:09:52 (3422 turns).

Jmtri7 the Skirmisher (Demonspawn Gladiator)        Turns: 3422, Time: 00:09:53

Health: -8/44      AC:  6    Str: 14    XL:     5   Next: 70%
Magic:  5/5        EV: 15    Int:  9    God:
Gold:   88         SH:  3    Dex: 16    Spells: 4/4 levels left

rFire  . . .     SeeInvis .     a - +0 long sword
rCold  . . .     Gourm    .     p - +0 ring mail
rNeg   . . .     Faith    .     v - +0 buckler
rPois  .         Spirit   .     c - +0 helmet
rElec  .         Reflect  .     (no cloak)
rCorr  .         Harm     .     (no gloves)
MR     .....                    (no boots)
Stlth  +.........               (no amulet)
                                (no ring)
                                t - +3 ring of evasion

@: no status effects
A: powered by pain 2, sturdy frame 1
a: no special abilities


You were on level 4 of the Dungeon.
You were not hungry.

You visited 1 branch of the dungeon, and saw 5 of its levels.

You collected 88 gold pieces.

Inventory:

Hand Weapons
 a - a +0 long sword (weapon)
Missiles
 d - 3 throwing nets (quivered)
Armour
 c - a +0 helmet (worn)
 p - a +0 ring mail (worn)
 v - a +0 buckler (worn)
Jewellery
 t - a +3 ring of evasion (left hand)
Scrolls
 b - 2 scrolls of identify
 i - a scroll of fog {unknown}
 j - a scroll of amnesia {unknown}
 l - 3 scrolls of random uselessness {unknown}
 n - a scroll of immolation {unknown}
 s - a scroll of remove curse {unknown}
Potions
 e - a potion of resistance {unknown}
 h - a potion of haste {unknown}
 k - a potion of curing {unknown}
 q - a potion of cure mutation {unknown}
 r - a potion of cancellation {unknown}
 u - a potion of lignification {unknown}
Comestibles
 f - 2 bread rations
 g - a beef jerky
 m - 4 meat rations
 o - 6 chunks of flesh


   Skills:
 + Level 5.1 Fighting
 - Level 3.2 Long Blades
 - Level 1.7 Throwing
 + Level 1.5 Armour
 + Level 3.0 Dodging


You had 4 spell levels left.
You didn't know any spells.

Dungeon Overview and Level Annotations

Branches:
Dungeon (5/15)
 Temple: D:4-7

Altars:
The Shining One


Innate Abilities, Weirdness & Mutations

You sometimes gain power by taking damage.
Your movements are slightly less encumbered by armour. (ER -2)


Message History

An adder and a shadow imp come into view.
The shadow imp shouts!
The adder hisses angrily.
There is a stone staircase leading up here.
There are monsters nearby!
You climb upwards.
There is a stone staircase leading down here.
An orc comes into view. It is wielding a morningstar.
The orc shouts!
You block the orc priest's attack.
An orc comes into view. It is wielding a mace.
The orc shouts!
You block the orc's attack.
The orc priest looks braver for a moment.
The orc hits you with a morningstar.
* * * LOW HITPOINT WARNING * * *
The orc barely misses you. The orc hits you but does no damage.
The orc priest calls down the wrath of Beogh upon you.
Beogh smites you!
You die...

## .#####....
######.#........
......#.#......
#..............
###.....#........
#.......#.#......
#..#.####........
######....ooo.@.!.<..# #
#.........o.o......... #
#...............##.... #
#..........)††........ #
#.....#'##'#.######### #
#............[........
###.............#.......
..'......>..$...#.......
#.#..........!..#.......


You could see an orc priest and 4 orcs.

Vanquished Creatures
  A howler monkey (D:4)
  A hound (D:4)
  A worker ant (D:4)
  4 adders
  2 oozes (D:3)
  3 worms (D:2)
  A dart slug (D:2)
  4 leopard geckos
  8 orcs
  2 giant cockroaches
  8 goblins
  8 hobgoblins
  3 kobolds
  3 ball pythons
  7 bats
  3 frilled lizards
  14 rats
73 creatures vanquished.

Notes
Turn   | Place    | Note
-------+----------+-------------------------------------------
     0 | D:1      | Jmtri7 the Demonspawn Gladiator began the quest for the Orb.
     0 | D:1      | Reached XP level 1. HP: 16/16 MP: 1/1
   279 | D:1      | Gained mutation: You sometimes gain a little power by taking damage. [demonic ancestry]
   279 | D:1      | Reached XP level 2. HP: 22/22 MP: 2/2
  1094 | D:2      | Reached skill level 3 in Fighting
  1094 | D:2      | Reached XP level 3. HP: 11/29 MP: 3/3
  2079 | D:3      | Found a faded altar of an unknown god.
  2248 | D:3      | Gained mutation: You sometimes gain power by taking damage. [demonic ancestry]
  2248 | D:3      | Reached XP level 4. HP: 27/37 MP: 4/4
  2258 | D:3      | Reached skill level 4 in Fighting
  2658 | D:3      | Found a glowing golden altar of the Shining One.
  3308 | D:4      | Reached skill level 1 in Armour
  3308 | D:4      | Gained mutation: Your movements are slightly less encumbered by armour. (ER -2) [demonic ancestry]
  3308 | D:4      | Reached XP level 5. HP: 37/43 MP: 5/5
  3325 | D:4      | Reached skill level 5 in Fighting
  3362 | D:4      | HP: 2/44 [poisoned by a worker ant]
  3404 | D:5      | Entered Level 5 of the Dungeon
  3422 | D:4      | Killed from afar by an orc priest

Vault maps used:
D:1:      eino_arrival_cavern_a
D:2:      minivault_4
D:3:      nicolae_overflow_crystal_walls,
          chequers_ecumenical_altar_simple_redux, portal_sewer_entry_e,
          kennysheep_generic_room_8
D:4:      first_bread, serial_shops, shop
D:5:      kb_forest_paths, lemuel_crystal_altar

Skill      XL: |  1  2  3  4  5 |
---------------+----------------+-----
Long Blades    | 3 |  3.2
Fighting       | 3 4 5 |  5.1
Armour         | 1 |  1.5
Dodging        | 3 |  3.0
Throwing       | |  1.7

Action                   |  1- 3 |  4- 6 || total
-------------------------+-------+-------++-------
Melee: Long sword        |   111 |   126 ||   237
  Use: Scroll            |       |     3 ||     3
 Stab: Sleeping          |     1 |       ||     1
  Eat: Chunk             |     4 |     4 ||     8
Armor: Leather armour    |    18 |       ||    18
       Ring mail         |    20 |    43 ||    63
Dodge: Dodged            |    81 |   117 ||   198
Block: Buckler           |       |    17 ||    17
       Rpst.: Long sword |    26 |    43 ||    69
